 Dungeon Crawl Stone Soup version 0.27-a0-1084-g78b3836a5f (webtiles) character file.

Game seed: 9115320428555420813

2440 scammafunk the Skirmisher (level 9, -8/74 HPs)
             Began as a Barachi Fighter on Apr 26, 2021.
             Was a Priest of the Shining One.
             Mangled by a yak (9 damage)
             ... on level 8 of the Dungeon on Apr 27, 2021.
             The game lasted 00:18:45 (5946 turns).

scammafunk the Skirmisher (Barachi Fighter)         Turns: 5946, Time: 00:18:45

Health: -8/74      AC:  9    Str: 20    XL:     9   Next: 49%
Magic:  1/4        EV: 10    Int: 10    God:    the Shining One [***...]
Gold:   107        SH:  6    Dex: 15    Spells: 14/14 levels left

rFire    . . .     SeeInvis .   t - +2 quarterstaff (antimagic)
rCold    . . .     Faith    .   (shield currently unavailable)
rNeg     + . .     Spirit   .   p - +0 ring mail "Ydixzonk" {Int+2}
rPois    +         Reflect  .   (no helmet)
rElec    .         Harm     .   e - +0 cloak
rCorr    .         Rampage  .   k - +0 pair of gloves
Will     .....     Clarity  +   (no boots)
Stlth    +.........             r - amulet of the acrobat
HPRegen  0.22/turn              o - ring of poison resistance
MPRegen  0.09/turn              (no ring)

@: lethally poisoned (-8 -> -9), divinely shielded, glowing, slow
A: amphibious, slowness 1, strong legs 1, +LOS, talons 1, agile 1, clarity
a: Hop, Renounce Religion, Divine Shield


You were on level 8 of the Dungeon.
You worshipped the Shining One.
The Shining One was most pleased with you.
You visited 1 branch of the dungeon, and saw 8 of its levels.

You collected 356 gold pieces.
You spent 249 gold pieces at shops.

Inventory:

Hand Weapons
 a - a +1 war axe
 t - a +2 antimagic quarterstaff (weapon)
Armour
 e - a +0 cloak (worn)
 k - a +0 pair of gloves (worn)
 p - the +0 ring mail "Ydixzonk" (worn) {Int+2}
   (You found it on level 5 of the Dungeon)

   It affects your intelligence (+2).
Jewellery
 o - a ring of poison resistance (left hand)
 r - an amulet of the acrobat (around neck)
Wands
 m - a wand of flame (9)
 u - a wand of iceblast (14)
 v - a wand of paralysis (10)
Scrolls
 c - a scroll of fear
 f - 2 scrolls of teleportation
 g - 2 scrolls of identify
 h - a scroll of noise
 i - a scroll of torment
 l - a scroll of enchant armour {unknown}
 q - a scroll of amnesia {unknown}
 s - a scroll of magic mapping {unknown}
Potions
 b - a potion of lignification {unknown}
 d - 2 potions of might
 j - 4 potions of curing
 n - a potion of magic {unknown}


   Skills:
 + Level 7.8 Fighting
 - Level 6.5 Axes
 * Level 3.9 Staves
 + Level 7.7 Armour
 - Level 3.4 Shields
 - Level 3.4 Spellcasting
 - Level 3.8 Conjurations
 - Level 3.4 Earth Magic


You had 14 spell levels left.
You didn't know any spells.
Your spell library contained the following spells:

 Spells                   Type           Power      Damage    Failure   Level
 Sandblast                Erth           16%        2d6       10%         1
 Shock                    Conj/Air       20%        1d4       19%         1
 Static Discharge         Conj/Air       5%         N/A       28%         2
 Stone Arrow              Conj/Erth      18%        3d8       28%         3
 Passwall                 Tmut/Erth      4%         N/A       30%         2
 Animate Skeleton         Necr           2%         N/A       38%         1
 Apportation              Tloc           2%         N/A       38%         1
 Beastly Appendage        Tmut           2%         N/A       38%         1
 Corona                   Hex            1%         N/A       38%         1
 Summon Small Mammal      Summ           4%         N/A       38%         1
 Wereblood                Tmut           1%         N/A       54%         2
 Spider Form              Tmut/Pois      0%         N/A       77%         3
 Swiftness                Air            1%         N/A       77%         3
 Petrify                  Tmut/Erth      5%         N/A       90%         4
 Lee's Rapid Deconstruct  Erth           4%         3d6*      95%         5
 Airstrike                Air            0%         N/A       99%         4
 Ice Form                 Ice/Tmut       1%         N/A       99%         4
 Lightning Bolt           Conj/Air       2%         1d14      99%         5
 Hydra Form               Tmut           0%         N/A       100%        5


Dungeon Overview and Level Annotations

Branches:
Dungeon (8/15)             Temple (0/1) D:7
   Lair: D:8-11

Altars:
The Shining One

Shops:
D:3 ?   D:6 *


Innate Abilities, Weirdness & Mutations

You are amphibious.
You cover ground slowly.
You can hop short distances.
You have an extended range of vision and can be seen from far away.
You have sharp toenails.
You are agile. (Dex +2)
You possess an exceptional clarity of mind.


Message History

The kobold brigand is lightly wounded.
The kobold brigand barely misses you.
You hit the kobold brigand.
You claw the kobold brigand, but do no damage.
The kobold brigand is moderately wounded.
The kobold brigand closely misses you.
You completely miss the kobold brigand.
The kobold brigand is moderately wounded.
The kobold brigand hits you with a +0 dagger of venom.
You thump the kobold brigand!
The kobold brigand is heavily wounded.
The kobold brigand hits you with a +0 dagger of venom.
* * * LOW HITPOINT WARNING * * *
You are poisoned.
The kobold brigand hits you but does no damage.
You sock the kobold brigand!
The kobold brigand is almost dead.
You feel sick.
The kobold brigand hits you but does no damage.
You hit the kobold brigand but do no damage.
Your kick misses the kobold brigand.
The kobold brigand is almost dead.
You feel sick. The kobold brigand barely misses you.
You sock the kobold brigand!
You kill the kobold brigand!
You feel sick.
You hit the yak. You claw the yak, but do no damage.
The yak is lightly wounded.
You feel sick. The yak gores you.
* * * LOW HITPOINT WARNING * * *
The yak gores you!
* * * LOW HITPOINT WARNING * * *
A divine shield forms around you!
* * * LOW HITPOINT WARNING * * *
You feel sick. You block the yak's attack.
You hit the yak.
The yak is moderately wounded.
* * * LOW HITPOINT WARNING * * *
You feel sick. The yak gores you!
You die... .. ....# ..# ....# #.#..... ....... ..#.. .oo.
KK#

#Y# #@# #)#
#.# #####.#
...####.....#
#.........###
#.#####.#.#
...#.#
#####.#


You could see a yak, 2 orcs and 2 kobolds.

Vanquished Creatures
  Sigmund (D:6)
  2 yaks (D:8)
  A water moccasin (D:4)
  An ice beast (D:6)
  A sky beast (D:7)
  A necrophage (D:3)
  An ogre (D:3)
  A black bear (D:7)
  A hornet zombie (D:6)
  A centaur (D:7)
  3 phantoms
  A kobold brigand (D:8)
  2 bullfrogs
  A scorpion (D:5)
  A water moccasin zombie (D:6)
  3 howler monkeys
  A centaur zombie (D:7)
  5 hounds
  2 orc priests (D:4)
  A centaur skeleton (D:7)
  A bullfrog skeleton (D:5)
  4 orc wizards
  A hound zombie (D:5)
  7 gnolls (D:5)
  5 adders
  A shadow imp (D:6)
  3 dart slugs
  20 orcs
  6 bats
  5 endoplasms
  2 giant cockroaches (D:1)
  6 goblins
  5 hobgoblins
  7 jackals
  6 kobolds
  4 quokkas
  6 ball pythons
  4 frilled lizards
  A rat (D:1)
125 creatures vanquished.

Notes
Turn   | Place    | Note
-------+----------+-------------------------------------------
     0 | D:1      | scammafunk the Barachi Fighter began the quest for the Orb.
     0 | D:1      | Reached XP level 1. HP: 18/18 MP: 1/1
    66 | D:1      | Reached XP level 2. HP: 18/25 MP: 2/2
   399 | D:1      | Reached XP level 3. HP: 26/30 MP: 3/3
   441 | D:1      | You fall into a shaft and drop 1 floor!
   922 | D:2      | Found a faded altar of an unknown god.
   933 | D:2      | Became a worshipper of the Shining One
   933 | D:2      | Reached * piety under the Shining One
  1018 | D:2      | Gained mutation: You possess an exceptional clarity of
                  | mind. [potion of mutation]
  1018 | D:2      | Gained mutation: You are agile. (Dex +2) [potion of
                  | mutation]
  1018 | D:2      | Gained mutation: You have sharp toenails. [potion of
                  | mutation]
  1320 | D:3      | Noticed a necrophage
  1329 | D:3      | Killed a necrophage
  1330 | D:3      | Reached XP level 4. HP: 17/38 MP: 4/4
  1330 | D:3      | Reached XP level 5. HP: 20/43 MP: 5/5
  1521 | D:3      | Reached skill level 5 in Fighting
  1613 | D:3      | Reached skill level 5 in Armour
  1941 | D:3      | Noticed an ogre
  1944 | D:3      | Found Suasuta's Magic Scroll Shop.
  1945 | D:3      | The Shining One protects you from harm!
  1951 | D:3      | Killed an ogre
  1952 | D:3      | Reached XP level 6. HP: 9/51 MP: 6/6
  2206 | D:3      | Bought a scroll of teleportation for 42 gold pieces
  2206 | D:3      | Bought a scroll of torment for 105 gold pieces
  2400 | D:4      | Noticed a water moccasin
  2412 | D:4      | Killed a water moccasin
  2413 | D:4      | Reached skill level 5 in Axes
  2413 | D:4      | Reached XP level 7. HP: 25/57 MP: 7/7
  2821 | D:4      | Identified the +10 hand axe "Zogong" {elec, Drain rN+++
                  | Str+4}
  2994 | D:4      | Reached ** piety under the Shining One
  3469 | D:5      | Entered Level 5 of the Dungeon
  3551 | D:5      | Reached skill level 1 in Earth Magic
  3654 | D:5      | Reached skill level 1 in Spellcasting
  3654 | D:5      | Reached skill level 1 in Conjurations
  3748 | D:5      | Reached XP level 8. HP: 57/65 MP: 8/10
  4170 | D:5      | Identified the +0 ring mail "Ydixzonk" {Int+2}
  4474 | D:6      | Noticed Sigmund
  4485 | D:6      | Killed Sigmund
  4866 | D:6      | Found Rurghut's Assorted Antiques.
  4869 | D:6      | Bought a square peridot amulet for 85 gold pieces
  4869 | D:6      | Bought a scroll labelled LUM YCES MEWK for 17 gold pieces
  5305 | D:6      | Reached XP level 9. HP: 72/72 MP: 12/14
  5510 | D:7      | Reached *** piety under the Shining One
  5556 | D:7      | Reached skill level 1 in Staves
  5864 | D:7      | Found a staircase to the Ecumenical Temple.
  5944 | D:8      | HP: 3/74 [yak (9)]
  5946 | D:8      | HP: 1/74 [poisoned by a kobold brigand]
  5946 | D:8      | Mangled by a yak

Illustrated notes

Levels and vault maps discovered:
D:1:      saegor_arrival_simple_d, layout_rooms
D:2:      layout_loops_cross, shapermc_ecumenical_altar_mp_highgroup,
          minmay_misc_feat_x, chequers_big_river, item_on_display_a
D:3:      layout_loops_ring, serial_shops, shop
D:4:      layout_cave_pods
D:5:      layout_loops_ring, grunt_decor_junction
D:6:      layout_cave_pods, serial_shops, kennysheep_mini, uniq_sigmund
D:7:      layout_basic, minmay_temple_entry_from_below_a,
          david_defended_altar_orc, uniq_maggie, uniq_crazy_yiuf_cottage
D:8:      layout_basic, amcnicky_altar_gilded, minmay_mini_ossuary, uniq_erica,
          uniq_grum

Skill      XL: |  1  2  3  4  5  6  7  8  9 |
---------------+----------------------------+-----
Fighting       | 4 5 6 7 |  7.8
Armour         | 4 5 6 7 |  7.7
Axes           | 3 4 5 6 |  6.5
Earth Magic    | 1 3 |  3.4
Spellcasting   | 1 3 |  3.4
Conjurations   | 1 3 |  3.8
Staves         | 3 |  3.9
Shields        | |  3.4

Action                   |  1- 3 |  4- 6 |  7- 9 || total
-------------------------+-------+-------+-------++-------
Melee: War axe           |    75 |    38 |   142 ||   255
       Kick              |     2 |     6 |    51 ||    59
       Quarterstaff      |       |       |    52 ||    52
Invok: Divine Shield     |       |       |     1 ||     1
  Use: Potion            |     3 |       |     4 ||     7
       Scroll            |     3 |       |     4 ||     7
Armor: Scale mail        |    44 |    26 |    54 ||   124
       Ring mail         |       |       |    46 ||    46
Dodge: Dodged            |    31 |    20 |   108 ||   159
Block: Kite shield       |    43 |     5 |       ||    48
       Other             |       |       |     1 ||     1

Table legend: (Time is in decaauts)
 A = Elapsed time spent in this place.
 B = Non-inter-level travel time spent in this place.
 C = Inter-level travel time spent in this place.
 D = Time resting spent in this place.
 E = Time spent auto-exploring this place.
 F = Levels seen in this place.
 G = Mean time per level.
                   A        B        C        D        E       F      G
               +--------+--------+--------+--------+--------+-----+--------+
         Total |   6734 |   6542 |    192 |    551 |   5040 |   8 |  841.8 |
       Dungeon |   6734 |   6542 |    192 |    551 |   5040 |   8 |  841.8 |
               +--------+--------+--------+--------+--------+-----+--------+

Top non-repeatable levels by time:
     D:4: 1259 daAuts
     D:3: 1147 daAuts
     D:6: 1126 daAuts
     D:5: 1094 daAuts
     D:1: 769 daAuts
     D:2: 762 daAuts
     D:7: 511 daAuts
     D:8: 62 daAuts
